Workbook

Sheet Anlage Personalaufstellung 
A1: Referenzmodell
A2: Angaben zum Personal in den Bereichen : | R2: Stand 03.11.2025
A3: Pflege, Betreuung, Leitung und Verwaltung, Wirtschaft sowie weiteres Personal
B5: Einrichtung:
B9: IK:
C12: Wir sind an folgenden Tarif/AVR gebunden: | P12: Stand vom:
C13: (§ 72 Abs. 3 a SGB XI)
C14: Unsere Entlohnung ist an nachfolgenden Tarif/AVR angelehnt: | P14: Stand vom:
C15: (§ 72 Abs. 3 b SGB XI)
C16: Unsere Entlohnung erfolgt auf Basis des veröffentlichten regional üblichen Entgeltniveaus
C17: (§ 72 Abs. 3 b SGB XI i.v.m § 3 Abs. 3 der RL des GKV SV nach § 72 Abs. 3 c SGB XI )
P18: AG - Anteil
I19: prospektive Kosten | P19: 0.2175
B21: Fachkräfte in den Bereichen Pflege und Betreuung mit mindestens dreijähriger Berufsausbildung (lt. RL des GKV SV nach § 72 Abs. 3c SGB XI) inkl PDL und Stellv. PDL in der Pflege
B23: Lfd. NR | C23: Einstellungs- Datum | D23: Engelt Gruppe / Stufe (nach Tarif) | E23: Qualifikation / Funktion | F23: wöchentl Arbeits zeit / Std | G23: Arbeits stunden / Monat | H23: Stellen Anteil VZÄ (Basis 40 Std) | I23: Grundlohn / Gehalt monatlich (Basis indiv. Arbeitszeit MA) 1 | J23: Pflegetypische Zulagen monatlich (Basis indiv. Arbeitszeit MA) 2 | K23: ggf. VWL AG-Anteil monatlich (Basis indiv. Arbeitszeit MA) 3 | L23: ggf. Jahres sonder- zahlungen jährlich (Basis indiv. Arbeitszeit MA) 4 | M23: ggf. Bereit schaftsdienst oder Ruf bereitschaft monatlich (Basis indiv. Arbeitszeit MA) 5 | N23: ggf. pflege typische Zuschläge (variabel) monatlich (Basis indiv. Arbeitszeit MA) 6 | O23: Stundenlohn AN Brutto Arbeitszeit normiert (ohne variable Zuschläge) nachrichtlich | P23: ggf. Steuer und SV freie pflegtypische Zuschläge (variabel) monatlich (Basis inidv. Arbeitszeit MA) 6 | Q23: Jahresbruttoentgelt inkl. AG Anteil (ohne Personalnebenkosten wie BG / Fortbildung usw. ) | R23: Jahresbruttoentgelt inkl. AG Anteil je VZÄ
E24: Krankenschwester | G24: =F24*13/3 -> 0 | H24: =F24/40 -> 0 | O24: =IF(G24=0,0,(I24+J24+K24+M24+(L24/12))/G24) -> 0 | Q24: =(I24*12+J24*12+K24*12+L24+M24*12+N24*12)*(1+$P$19)+Tabelle2[[#This Row],[ggf. Steuer und SV freie pflegtypische Zuschläge (variabel) monatlich (Basis inidv. Arbeitszeit MA) 6 ]]*12 -> 0 | R24: =IF(Tabelle2[[#This Row],[Jahresbruttoentgelt inkl. AG Anteil (ohne Personalnebenkosten wie BG / Fortbildung usw. ) ]]=0,0,Q24/F24*40) -> 0
E25: Altenpflegerin | G25: =F25*13/3 -> 0 | H25: =F25/40 -> 0 | O25: =IF(G25=0,0,(I25+J25+K25+M25+(L25/12))/G25) -> 0 | Q25: =(I25*12+J25*12+K25*12+L25+M25*12+N25*12)*(1+$P$19)+Tabelle2[[#This Row],[ggf. Steuer und SV freie pflegtypische Zuschläge (variabel) monatlich (Basis inidv. Arbeitszeit MA) 6 ]]*12 -> 0 | R25: =IF(Tabelle2[[#This Row],[Jahresbruttoentgelt inkl. AG Anteil (ohne Personalnebenkosten wie BG / Fortbildung usw. ) ]]=0,0,Q25/F25*40) -> 0
G26: =F26*13/3 -> 0 | H26: =F26/40 -> 0 | O26: =IF(G26=0,0,(I26+J26+K26+M26+(L26/12))/G26) -> 0 | Q26: =(I26*12+J26*12+K26*12+L26+M26*12+N26*12)*(1+$P$19)+Tabelle2[[#This Row],[ggf. Steuer und SV freie pflegtypische Zuschläge (variabel) monatlich (Basis inidv. Arbeitszeit MA) 6 ]]*12 -> 0 | R26: =IF(Tabelle2[[#This Row],[Jahresbruttoentgelt inkl. AG Anteil (ohne Personalnebenkosten wie BG / Fortbildung usw. ) ]]=0,0,Q26/F26*40) -> 0
G27: =F27*13/3 -> 0 | H27: =F27/40 -> 0 | O27: =IF(G27=0,0,(I27+J27+K27+M27+(L27/12))/G27) -> 0 | Q27: =(I27*12+J27*12+K27*12+L27+M27*12+N27*12)*(1+$P$19)+Tabelle2[[#This Row],[ggf. Steuer und SV freie pflegtypische Zuschläge (variabel) monatlich (Basis inidv. Arbeitszeit MA) 6 ]]*12 -> 0 | R27: =IF(Tabelle2[[#This Row],[Jahresbruttoentgelt inkl. AG Anteil (ohne Personalnebenkosten wie BG / Fortbildung usw. ) ]]=0,0,Q27/F27*40) -> 0
G28: =F28*13/3 -> 0 | H28: =F28/40 -> 0 | O28: =IF(G28=0,0,(I28+J28+K28+M28+(L28/12))/G28) -> 0 | Q28: =(I28*12+J28*12+K28*12+L28+M28*12+N28*12)*(1+$P$19)+Tabelle2[[#This Row],[ggf. Steuer und SV freie pflegtypische Zuschläge (variabel) monatlich (Basis inidv. Arbeitszeit MA) 6 ]]*12 -> 0 | R28: =IF(Tabelle2[[#This Row],[Jahresbruttoentgelt inkl. AG Anteil (ohne Personalnebenkosten wie BG / Fortbildung usw. ) ]]=0,0,Q28/F28*40) -> 0
G29: =F29*13/3 -> 0 | H29: =F29/40 -> 0 | O29: =IF(G29=0,0,(I29+J29+K29+M29+(L29/12))/G29) -> 0 | Q29: =(I29*12+J29*12+K29*12+L29+M29*12+N29*12)*(1+$P$19)+Tabelle2[[#This Row],[ggf. Steuer und SV freie pflegtypische Zuschläge (variabel) monatlich (Basis inidv. Arbeitszeit MA) 6 ]]*12 -> 0 | R29: =IF(Tabelle2[[#This Row],[Jahresbruttoentgelt inkl. AG Anteil (ohne Personalnebenkosten wie BG / Fortbildung usw. ) ]]=0,0,Q29/F29*40) -> 0
G30: =F30*13/3 -> 0 | H30: =F30/40 -> 0 | O30: =IF(G30=0,0,(I30+J30+K30+M30+(L30/12))/G30) -> 0 | Q30: =(I30*12+J30*12+K30*12+L30+M30*12+N30*12)*(1+$P$19)+Tabelle2[[#This Row],[ggf. Steuer und SV freie pflegtypische Zuschläge (variabel) monatlich (Basis inidv. Arbeitszeit MA) 6 ]]*12 -> 0 | R30: =IF(Tabelle2[[#This Row],[Jahresbruttoentgelt inkl. AG Anteil (ohne Personalnebenkosten wie BG / Fortbildung usw. ) ]]=0,0,Q30/F30*40) -> 0
G31: =F31*13/3 -> 0 | H31: =F31/40 -> 0 | O31: =IF(G31=0,0,(I31+J31+K31+M31+(L31/12))/G31) -> 0 | Q31: =(I31*12+J31*12+K31*12+L31+M31*12+N31*12)*(1+$P$19)+Tabelle2[[#This Row],[ggf. Steuer und SV freie pflegtypische Zuschläge (variabel) monatlich (Basis inidv. Arbeitszeit MA) 6 ]]*12 -> 0 | R31: =IF(Tabelle2[[#This Row],[Jahresbruttoentgelt inkl. AG Anteil (ohne Personalnebenkosten wie BG / Fortbildung usw. ) ]]=0,0,Q31/F31*40) -> 0
G32: =F32*13/3 -> 0 | H32: =F32/40 -> 0 | O32: =IF(G32=0,0,(I32+J32+K32+M32+(L32/12))/G32) -> 0 | Q32: =(I32*12+J32*12+K32*12+L32+M32*12+N32*12)*(1+$P$19)+Tabelle2[[#This Row],[ggf. Steuer und SV freie pflegtypische Zuschläge (variabel) monatlich (Basis inidv. Arbeitszeit MA) 6 ]]*12 -> 0 | R32: =IF(Tabelle2[[#This Row],[Jahresbruttoentgelt inkl. AG Anteil (ohne Personalnebenkosten wie BG / Fortbildung usw. ) ]]=0,0,Q32/F32*40) -> 0
G33: =F33*13/3 -> 0 | H33: =F33/40 -> 0 | O33: =IF(G33=0,0,(I33+J33+K33+M33+(L33/12))/G33) -> 0 | Q33: =(I33*12+J33*12+K33*12+L33+M33*12+N33*12)*(1+$P$19)+Tabelle2[[#This Row],[ggf. Steuer und SV freie pflegtypische Zuschläge (variabel) monatlich (Basis inidv. Arbeitszeit MA) 6 ]]*12 -> 0 | R33: =IF(Tabelle2[[#This Row],[Jahresbruttoentgelt inkl. AG Anteil (ohne Personalnebenkosten wie BG / Fortbildung usw. ) ]]=0,0,Q33/F33*40) -> 0
G34: =F34*13/3 -> 0 | H34: =F34/40 -> 0 | O34: =IF(G34=0,0,(I34+J34+K34+M34+(L34/12))/G34) -> 0 | Q34: =(I34*12+J34*12+K34*12+L34+M34*12+N34*12)*(1+$P$19)+Tabelle2[[#This Row],[ggf. Steuer und SV freie pflegtypische Zuschläge (variabel) monatlich (Basis inidv. Arbeitszeit MA) 6 ]]*12 -> 0 | R34: =IF(Tabelle2[[#This Row],[Jahresbruttoentgelt inkl. AG Anteil (ohne Personalnebenkosten wie BG / Fortbildung usw. ) ]]=0,0,Q34/F34*40) -> 0
G35: =F35*13/3 -> 0 | H35: =F35/40 -> 0 | O35: =IF(G35=0,0,(I35+J35+K35+M35+(L35/12))/G35) -> 0 | Q35: =(I35*12+J35*12+K35*12+L35+M35*12+N35*12)*(1+$P$19)+Tabelle2[[#This Row],[ggf. Steuer und SV freie pflegtypische Zuschläge (variabel) monatlich (Basis inidv. Arbeitszeit MA) 6 ]]*12 -> 0 | R35: =IF(Tabelle2[[#This Row],[Jahresbruttoentgelt inkl. AG Anteil (ohne Personalnebenkosten wie BG / Fortbildung usw. ) ]]=0,0,Q35/F35*40) -> 0
G36: =F36*13/3 -> 0 | H36: =F36/40 -> 0 | O36: =IF(G36=0,0,(I36+J36+K36+M36+(L36/12))/G36) -> 0 | Q36: =(I36*12+J36*12+K36*12+L36+M36*12+N36*12)*(1+$P$19)+Tabelle2[[#This Row],[ggf. Steuer und SV freie pflegtypische Zuschläge (variabel) monatlich (Basis inidv. Arbeitszeit MA) 6 ]]*12 -> 0 | R36: =IF(Tabelle2[[#This Row],[Jahresbruttoentgelt inkl. AG Anteil (ohne Personalnebenkosten wie BG / Fortbildung usw. ) ]]=0,0,Q36/F36*40) -> 0
G37: =F37*13/3 -> 0 | H37: =F37/40 -> 0 | O37: =IF(G37=0,0,(I37+J37+K37+M37+(L37/12))/G37) -> 0 | Q37: =(I37*12+J37*12+K37*12+L37+M37*12+N37*12)*(1+$P$19)+Tabelle2[[#This Row],[ggf. Steuer und SV freie pflegtypische Zuschläge (variabel) monatlich (Basis inidv. Arbeitszeit MA) 6 ]]*12 -> 0 | R37: =IF(Tabelle2[[#This Row],[Jahresbruttoentgelt inkl. AG Anteil (ohne Personalnebenkosten wie BG / Fortbildung usw. ) ]]=0,0,Q37/F37*40) -> 0
... G42: =F42*13/3 -> 0 | H42: =F42/40 -> 0 | O42: =IF(G42=0,0,(I42+J42+K42+M42+(L42/12))/G42) -> 0 | Q42: =(I42*12+J42*12+K42*12+L42+M42*12+N42*12)*(1+$P$19)+Tabelle2[[#This Row],[ggf. Steuer und SV freie pflegtypische Zuschläge (variabel) monatlich (Basis inidv. Arbeitszeit MA) 6 ]]*12 -> 0 | R42: =IF(Tabelle2[[#This Row],[Jahresbruttoentgelt inkl. AG Anteil (ohne Personalnebenkosten wie BG / Fortbildung usw. ) ]]=0,0,Q42/F42*40) -> 0
H43: =SUBTOTAL(109,Tabelle2[Stellen Anteil VZÄ (Basis 40 Std) ]) -> 0 | I43: gew. Entgeltniveau der Beschäftigtengruppe / AN-Brutto Std. /nachrichtl. | O43: =SUMPRODUCT(Tabelle2[Stellen Anteil VZÄ (Basis 40 Std) ],Tabelle2[Stundenlohn AN Brutto Arbeitszeit normiert (ohne variable Zuschläge) nachrichtlich ])/SUM(Tabelle2[Stellen Anteil VZÄ (Basis 40 Std) ]) -> #DIV/0! | Q43: =SUBTOTAL(109,Tabelle2[Jahresbruttoentgelt inkl. AG Anteil (ohne Personalnebenkosten wie BG / Fortbildung usw. ) ]) -> 0
E45: PDL (Anteil Pflege) | G45: =F45*13/3 -> 0 | H45: =F45/40 -> 0 | O45: =IF(G45=0,0,(I45+J45+K45+M45+(L45/12))/G45) -> 0 | Q45: =(I45*12+J45*12+K45*12+L45+M45*12+N45*12)*(1+$P$19)+P45*12 -> 0 | R45: =IF(Q45=0,0,Q45/F45*40) -> 0
E46: stellv. PDL | G46: =F46*13/3 -> 0 | H46: =F46/40 -> 0 | O46: =IF(G46=0,0,(I46+J46+K46+M46+(L46/12))/G46) -> 0 | Q46: =(I46*12+J46*12+K46*12+L46+M46*12+N46*12)*(1+$P$19)+P46*12 -> 0 | R46: =IF(Q46=0,0,Q46/F46*40) -> 0
G47: =F47*13/3 -> 0 | H47: =F47/40 -> 0 | O47: =IF(G47=0,0,(I47+J47+K47+M47+(L47/12))/G47) -> 0 | Q47: =(I47*12+J47*12+K47*12+L47+M47*12+N47*12)*(1+$P$19)+P47*12 -> 0 | R47: =IF(Q47=0,0,Q47/F47*40) -> 0
H49: =SUBTOTAL(109,Tabelle10[Stellen Anteil VZÄ (Basis 40 Std) ])+Tabelle2[[#Totals],[Stellen Anteil VZÄ (Basis 40 Std) ]] -> 0 | Q49: =SUBTOTAL(109,Tabelle10[Jahresbruttoentgelt inkl. AG Anteil (ohne Personalnebenkosten wie BG / Fortbildung usw. ) ])+Tabelle2[[#Totals],[Jahresbruttoentgelt inkl. AG Anteil (ohne Personalnebenkosten wie BG / Fortbildung usw. ) ]] -> 0 | R49: =Tabelle10[[#Totals],[Jahresbruttoentgelt inkl. AG Anteil (ohne Personalnebenkosten wie BG / Fortbildung usw. ) ]]/Tabelle10[[#Totals],[Stellen Anteil VZÄ (Basis 40 Std) ]] -> #DIV/0!
B52: Pflege- und Betreuungskräfte mit mindestens einjähriger Berufsausbildung (lt. RL des GKV SV nach § 72 Abs. 3c SGB XI)
B54: Lfd. NR | C54: Einstellungs- Datum | D54: Engelt Gruppe / Stufe (nach Tarif) | E54: Qualifikation / Funktion | F54: wöchentl Arbeits zeit / Std | G54: Arbeits stunden / Monat | H54: Stellen Anteil VZÄ (Basis 40 Std) | I54: Grundlohn / Gehalt monatlich (Basis indiv. Arbeitszeit MA) 1 | J54: Pflegetypische Zulagen monatlich (Basis indiv. Arbeitszeit MA) 2 | K54: ggf. VWL AG-Anteil monatlich (Basis indiv. Arbeitszeit MA) 3 | L54: ggf. Jahres sonder- zahlungen jährlich (Basis indiv. Arbeitszeit MA) 4 | M54: ggf. Bereit schaftsdienst oder Ruf bereitschaft monatlich (Basis indiv. Arbeitszeit MA) 5 | N54: ggf. pflege typische Zuschläge (variabel) monatlich (Basis indiv. Arbeitszeit MA) 6 | O54: Stundenlohn AN Brutto Arbeitszeit normiert (ohne variable Zuschläge) nachrichtlich | P54: ggf. Steuer und SV freie pflegtypische Zuschläge (variabel) monatlich (Basis inidv. Arbeitszeit MA) 6 | Q54: Jahresbruttoentgelt inkl. AG Anteil (ohne Personalnebenkosten wie BG / Fortbildung usw. ) | R54: Jahresbruttoentgelt inkl. AG Anteil je VZÄ
E55: PHK | G55: =F55*13/3 -> 0 | H55: =F55/40 -> 0 | O55: =IF(G55=0,0,(I55+J55+K55+M55+(L55/12))/G55) -> 0 | Q55: =(I55*12+J55*12+K55*12+L55+M55*12+N55*12)*(1+$P$19)+Tabelle3[[#This Row],[ggf. Steuer und SV freie pflegtypische Zuschläge (variabel) monatlich (Basis inidv. Arbeitszeit MA) 6 ]]*12 -> 0 | R55: =IF(Tabelle3[[#This Row],[Jahresbruttoentgelt inkl. AG Anteil (ohne Personalnebenkosten wie BG / Fortbildung usw. ) ]]=0,0,Q55/F55*40) -> 0
E56: PHK | G56: =F56*13/3 -> 0 | H56: =F56/40 -> 0 | O56: =IF(G56=0,0,(I56+J56+K56+M56+(L56/12))/G56) -> 0 | Q56: =(I56*12+J56*12+K56*12+L56+M56*12+N56*12)*(1+$P$19)+Tabelle3[[#This Row],[ggf. Steuer und SV freie pflegtypische Zuschläge (variabel) monatlich (Basis inidv. Arbeitszeit MA) 6 ]]*12 -> 0 | R56: =IF(Tabelle3[[#This Row],[Jahresbruttoentgelt inkl. AG Anteil (ohne Personalnebenkosten wie BG / Fortbildung usw. ) ]]=0,0,Q56/F56*40) -> 0
E57: PHK | G57: =F57*13/3 -> 0 | H57: =F57/40 -> 0 | O57: =IF(G57=0,0,(I57+J57+K57+M57+(L57/12))/G57) -> 0 | Q57: =(I57*12+J57*12+K57*12+L57+M57*12+N57*12)*(1+$P$19)+Tabelle3[[#This Row],[ggf. Steuer und SV freie pflegtypische Zuschläge (variabel) monatlich (Basis inidv. Arbeitszeit MA) 6 ]]*12 -> 0 | R57: =IF(Tabelle3[[#This Row],[Jahresbruttoentgelt inkl. AG Anteil (ohne Personalnebenkosten wie BG / Fortbildung usw. ) ]]=0,0,Q57/F57*40) -> 0
E58: PHK | G58: =F58*13/3 -> 0 | H58: =F58/40 -> 0 | O58: =IF(G58=0,0,(I58+J58+K58+M58+(L58/12))/G58) -> 0 | Q58: =(I58*12+J58*12+K58*12+L58+M58*12+N58*12)*(1+$P$19)+Tabelle3[[#This Row],[ggf. Steuer und SV freie pflegtypische Zuschläge (variabel) monatlich (Basis inidv. Arbeitszeit MA) 6 ]]*12 -> 0 | R58: =IF(Tabelle3[[#This Row],[Jahresbruttoentgelt inkl. AG Anteil (ohne Personalnebenkosten wie BG / Fortbildung usw. ) ]]=0,0,Q58/F58*40) -> 0
E59: PHK | G59: =F59*13/3 -> 0 | H59: =F59/40 -> 0 | O59: =IF(G59=0,0,(I59+J59+K59+M59+(L59/12))/G59) -> 0 | Q59: =(I59*12+J59*12+K59*12+L59+M59*12+N59*12)*(1+$P$19)+Tabelle3[[#This Row],[ggf. Steuer und SV freie pflegtypische Zuschläge (variabel) monatlich (Basis inidv. Arbeitszeit MA) 6 ]]*12 -> 0 | R59: =IF(Tabelle3[[#This Row],[Jahresbruttoentgelt inkl. AG Anteil (ohne Personalnebenkosten wie BG / Fortbildung usw. ) ]]=0,0,Q59/F59*40) -> 0
E60: PHK | G60: =F60*13/3 -> 0 | H60: =F60/40 -> 0 | O60: =IF(G60=0,0,(I60+J60+K60+M60+(L60/12))/G60) -> 0 | Q60: =(I60*12+J60*12+K60*12+L60+M60*12+N60*12)*(1+$P$19)+Tabelle3[[#This Row],[ggf. Steuer und SV freie pflegtypische Zuschläge (variabel) monatlich (Basis inidv. Arbeitszeit MA) 6 ]]*12 -> 0 | R60: =IF(Tabelle3[[#This Row],[Jahresbruttoentgelt inkl. AG Anteil (ohne Personalnebenkosten wie BG / Fortbildung usw. ) ]]=0,0,Q60/F60*40) -> 0
E61: PHK | G61: =F61*13/3 -> 0 | H61: =F61/40 -> 0 | O61: =IF(G61=0,0,(I61+J61+K61+M61+(L61/12))/G61) -> 0 | Q61: =(I61*12+J61*12+K61*12+L61+M61*12+N61*12)*(1+$P$19)+Tabelle3[[#This Row],[ggf. Steuer und SV freie pflegtypische Zuschläge (variabel) monatlich (Basis inidv. Arbeitszeit MA) 6 ]]*12 -> 0 | R61: =IF(Tabelle3[[#This Row],[Jahresbruttoentgelt inkl. AG Anteil (ohne Personalnebenkosten wie BG / Fortbildung usw. ) ]]=0,0,Q61/F61*40) -> 0
E62: PHK | G62: =F62*13/3 -> 0 | H62: =F62/40 -> 0 | O62: =IF(G62=0,0,(I62+J62+K62+M62+(L62/12))/G62) -> 0 | Q62: =(I62*12+J62*12+K62*12+L62+M62*12+N62*12)*(1+$P$19)+Tabelle3[[#This Row],[ggf. Steuer und SV freie pflegtypische Zuschläge (variabel) monatlich (Basis inidv. Arbeitszeit MA) 6 ]]*12 -> 0 | R62: =IF(Tabelle3[[#This Row],[Jahresbruttoentgelt inkl. AG Anteil (ohne Personalnebenkosten wie BG / Fortbildung usw. ) ]]=0,0,Q62/F62*40) -> 0
E63: PHK | G63: =F63*13/3 -> 0 | H63: =F63/40 -> 0 | O63: =IF(G63=0,0,(I63+J63+K63+M63+(L63/12))/G63) -> 0 | Q63: =(I63*12+J63*12+K63*12+L63+M63*12+N63*12)*(1+$P$19)+Tabelle3[[#This Row],[ggf. Steuer und SV freie pflegtypische Zuschläge (variabel) monatlich (Basis inidv. Arbeitszeit MA) 6 ]]*12 -> 0 | R63: =IF(Tabelle3[[#This Row],[Jahresbruttoentgelt inkl. AG Anteil (ohne Personalnebenkosten wie BG / Fortbildung usw. ) ]]=0,0,Q63/F63*40) -> 0
E64: PHK | G64: =F64*13/3 -> 0 | H64: =F64/40 -> 0 | O64: =IF(G64=0,0,(I64+J64+K64+M64+(L64/12))/G64) -> 0 | Q64: =(I64*12+J64*12+K64*12+L64+M64*12+N64*12)*(1+$P$19)+Tabelle3[[#This Row],[ggf. Steuer und SV freie pflegtypische Zuschläge (variabel) monatlich (Basis inidv. Arbeitszeit MA) 6 ]]*12 -> 0 | R64: =IF(Tabelle3[[#This Row],[Jahresbruttoentgelt inkl. AG Anteil (ohne Personalnebenkosten wie BG / Fortbildung usw. ) ]]=0,0,Q64/F64*40) -> 0
E65: PHK | G65: =F65*13/3 -> 0 | H65: =F65/40 -> 0 | O65: =IF(G65=0,0,(I65+J65+K65+M65+(L65/12))/G65) -> 0 | Q65: =(I65*12+J65*12+K65*12+L65+M65*12+N65*12)*(1+$P$19)+Tabelle3[[#This Row],[ggf. Steuer und SV freie pflegtypische Zuschläge (variabel) monatlich (Basis inidv. Arbeitszeit MA) 6 ]]*12 -> 0 | R65: =IF(Tabelle3[[#This Row],[Jahresbruttoentgelt inkl. AG Anteil (ohne Personalnebenkosten wie BG / Fortbildung usw. ) ]]=0,0,Q65/F65*40) -> 0
G66: =F66*13/3 -> 0 | H66: =F66/40 -> 0 | O66: =IF(G66=0,0,(I66+J66+K66+M66+(L66/12))/G66) -> 0 | Q66: =(I66*12+J66*12+K66*12+L66+M66*12+N66*12)*(1+$P$19)+Tabelle3[[#This Row],[ggf. Steuer und SV freie pflegtypische Zuschläge (variabel) monatlich (Basis inidv. Arbeitszeit MA) 6 ]]*12 -> 0 | R66: =IF(Tabelle3[[#This Row],[Jahresbruttoentgelt inkl. AG Anteil (ohne Personalnebenkosten wie BG / Fortbildung usw. ) ]]=0,0,Q66/F66*40) -> 0
B67: Ergebnis | F67: =SUBTOTAL(109,Tabelle3[wöchentl Arbeits zeit / Std ]) -> 0 | H67: =SUBTOTAL(109,Tabelle3[Stellen Anteil VZÄ (Basis 40 Std) ]) -> 0 | O67: =SUMPRODUCT(Tabelle3[Stellen Anteil VZÄ (Basis 40 Std) ],Tabelle3[Stundenlohn AN Brutto Arbeitszeit normiert (ohne variable Zuschläge) nachrichtlich ])/SUM(Tabelle3[Stellen Anteil VZÄ (Basis 40 Std) ]) -> #DIV/0! | Q67: =SUBTOTAL(109,Tabelle3[Jahresbruttoentgelt inkl. AG Anteil (ohne Personalnebenkosten wie BG / Fortbildung usw. ) ]) -> 0 | R67: =Tabelle3[[#Totals],[Jahresbruttoentgelt inkl. AG Anteil (ohne Personalnebenkosten wie BG / Fortbildung usw. ) ]]/Tabelle3[[#Totals],[Stellen Anteil VZÄ (Basis 40 Std) ]] -> #DIV/0!
B69: Ergebnis | H69: =Tabelle3[[#Totals],[Stellen Anteil VZÄ (Basis 40 Std) ]] -> 0 | I69: gew. Entgeltniveau der Beschäftigtengruppe / AN-Brutto Std. /nachrichtl. | O69: =((Tabelle3[[#Totals],[Stellen Anteil VZÄ (Basis 40 Std) ]]*Tabelle3[[#Totals],[Stundenlohn AN Brutto Arbeitszeit normiert (ohne variable Zuschläge) nachrichtlich ]]))/H69 -> #DIV/0!
B71: Pflege- und Betreuungskräfte ohne mindestens einjährige Berufsausbildung (lt. RL des GKV SV nach § 72 Abs. 3c SGB XI)
B73: Lfd. NR | C73: Einstellungs- Datum | D73: Engelt Gruppe / Stufe (nach Tarif) | E73: Qualifikation / Funktion | F73: wöchentl Arbeits zeit / Std | G73: Arbeits stunden / Monat | H73: Stellen Anteil VZÄ (Basis 40 Std) | I73: Grundlohn / Gehalt monatlich (Basis indiv. Arbeitszeit MA) 1 | J73: Pflegetypische Zulagen monatlich (Basis indiv. Arbeitszeit MA) 2 | K73: ggf. VWL AG-Anteil monatlich (Basis indiv. Arbeitszeit MA) 3 | L73: ggf. Jahres sonder- zahlungen jährlich (Basis indiv. Arbeitszeit MA) 4 | M73: ggf. Bereit schaftsdienst oder Ruf bereitschaft monatlich (Basis indiv. Arbeitszeit MA) 5 | N73: ggf. pflege typische Zuschläge (variabel) monatlich (Basis indiv. Arbeitszeit MA) 6 | O73: Stundenlohn AN Brutto Arbeitszeit normiert (ohne variable Zuschläge) nachrichtlich | P73: ggf. Steuer und SV freie pflegtypische Zuschläge (variabel) monatlich (Basis inidv. Arbeitszeit MA) 6 | Q73: Jahresbruttoentgelt inkl. AG Anteil (ohne Personalnebenkosten wie BG / Fortbildung usw. ) | R73: Jahresbruttoentgelt inkl. AG Anteil je VZÄ
E74: PHK | G74: =F74*13/3 -> 0 | H74: =F74/40 -> 0 | O74: =IF(G74=0,0,(I74+J74+K74+M74+(L74/12))/G74) -> 0 | Q74: =(I74*12+J74*12+K74*12+L74+M74*12+N74*12)*(1+$P$19)+Tabelle4[[#This Row],[ggf. Steuer und SV freie pflegtypische Zuschläge (variabel) monatlich (Basis inidv. Arbeitszeit MA) 6 ]]*12 -> 0 | R74: =IF(Tabelle4[[#This Row],[Jahresbruttoentgelt inkl. AG Anteil (ohne Personalnebenkosten wie BG / Fortbildung usw. ) ]]=0,0,Q74/F74*40) -> 0
E75: PHK | G75: =F75*13/3 -> 0 | H75: =F75/40 -> 0 | O75: =IF(G75=0,0,(I75+J75+K75+M75+(L75/12))/G75) -> 0 | Q75: =(I75*12+J75*12+K75*12+L75+M75*12+N75*12)*(1+$P$19)+Tabelle4[[#This Row],[ggf. Steuer und SV freie pflegtypische Zuschläge (variabel) monatlich (Basis inidv. Arbeitszeit MA) 6 ]]*12 -> 0 | R75: =IF(Tabelle4[[#This Row],[Jahresbruttoentgelt inkl. AG Anteil (ohne Personalnebenkosten wie BG / Fortbildung usw. ) ]]=0,0,Q75/F75*40) -> 0
E76: PHK | G76: =F76*13/3 -> 0 | H76: =F76/40 -> 0 | O76: =IF(G76=0,0,(I76+J76+K76+M76+(L76/12))/G76) -> 0 | Q76: =(I76*12+J76*12+K76*12+L76+M76*12+N76*12)*(1+$P$19)+Tabelle4[[#This Row],[ggf. Steuer und SV freie pflegtypische Zuschläge (variabel) monatlich (Basis inidv. Arbeitszeit MA) 6 ]]*12 -> 0 | R76: =IF(Tabelle4[[#This Row],[Jahresbruttoentgelt inkl. AG Anteil (ohne Personalnebenkosten wie BG / Fortbildung usw. ) ]]=0,0,Q76/F76*40) -> 0
E77: PHK | G77: =F77*13/3 -> 0 | H77: =F77/40 -> 0 | O77: =IF(G77=0,0,(I77+J77+K77+M77+(L77/12))/G77) -> 0 | Q77: =(I77*12+J77*12+K77*12+L77+M77*12+N77*12)*(1+$P$19)+Tabelle4[[#This Row],[ggf. Steuer und SV freie pflegtypische Zuschläge (variabel) monatlich (Basis inidv. Arbeitszeit MA) 6 ]]*12 -> 0 | R77: =IF(Tabelle4[[#This Row],[Jahresbruttoentgelt inkl. AG Anteil (ohne Personalnebenkosten wie BG / Fortbildung usw. ) ]]=0,0,Q77/F77*40) -> 0
E78: PHK | G78: =F78*13/3 -> 0 | H78: =F78/40 -> 0 | O78: =IF(G78=0,0,(I78+J78+K78+M78+(L78/12))/G78) -> 0 | Q78: =(I78*12+J78*12+K78*12+L78+M78*12+N78*12)*(1+$P$19)+Tabelle4[[#This Row],[ggf. Steuer und SV freie pflegtypische Zuschläge (variabel) monatlich (Basis inidv. Arbeitszeit MA) 6 ]]*12 -> 0 | R78: =IF(Tabelle4[[#This Row],[Jahresbruttoentgelt inkl. AG Anteil (ohne Personalnebenkosten wie BG / Fortbildung usw. ) ]]=0,0,Q78/F78*40) -> 0
E79: PHK | G79: =F79*13/3 -> 0 | H79: =F79/40 -> 0 | O79: =IF(G79=0,0,(I79+J79+K79+M79+(L79/12))/G79) -> 0 | Q79: =(I79*12+J79*12+K79*12+L79+M79*12+N79*12)*(1+$P$19)+Tabelle4[[#This Row],[ggf. Steuer und SV freie pflegtypische Zuschläge (variabel) monatlich (Basis inidv. Arbeitszeit MA) 6 ]]*12 -> 0 | R79: =IF(Tabelle4[[#This Row],[Jahresbruttoentgelt inkl. AG Anteil (ohne Personalnebenkosten wie BG / Fortbildung usw. ) ]]=0,0,Q79/F79*40) -> 0
G80: =F80*13/3 -> 0 | H80: =F80/40 -> 0 | O80: =IF(G80=0,0,(I80+J80+K80+M80+(L80/12))/G80) -> 0 | Q80: =(I80*12+J80*12+K80*12+L80+M80*12+N80*12)*(1+$P$19)+Tabelle4[[#This Row],[ggf. Steuer und SV freie pflegtypische Zuschläge (variabel) monatlich (Basis inidv. Arbeitszeit MA) 6 ]]*12 -> 0 | R80: =IF(Tabelle4[[#This Row],[Jahresbruttoentgelt inkl. AG Anteil (ohne Personalnebenkosten wie BG / Fortbildung usw. ) ]]=0,0,Q80/F80*40) -> 0
G81: =F81*13/3 -> 0 | H81: =F81/40 -> 0 | O81: =IF(G81=0,0,(I81+J81+K81+M81+(L81/12))/G81) -> 0 | Q81: =(I81*12+J81*12+K81*12+L81+M81*12+N81*12)*(1+$P$19)+Tabelle4[[#This Row],[ggf. Steuer und SV freie pflegtypische Zuschläge (variabel) monatlich (Basis inidv. Arbeitszeit MA) 6 ]]*12 -> 0 | R81: =IF(Tabelle4[[#This Row],[Jahresbruttoentgelt inkl. AG Anteil (ohne Personalnebenkosten wie BG / Fortbildung usw. ) ]]=0,0,Q81/F81*40) -> 0
G82: =F82*13/3 -> 0 | H82: =F82/40 -> 0 | O82: =IF(G82=0,0,(I82+J82+K82+M82+(L82/12))/G82) -> 0 | Q82: =(I82*12+J82*12+K82*12+L82+M82*12+N82*12)*(1+$P$19)+Tabelle4[[#This Row],[ggf. Steuer und SV freie pflegtypische Zuschläge (variabel) monatlich (Basis inidv. Arbeitszeit MA) 6 ]]*12 -> 0 | R82: =IF(Tabelle4[[#This Row],[Jahresbruttoentgelt inkl. AG Anteil (ohne Personalnebenkosten wie BG / Fortbildung usw. ) ]]=0,0,Q82/F82*40) -> 0
G83: =F83*13/3 -> 0 | H83: =F83/40 -> 0 | O83: =IF(G83=0,0,(I83+J83+K83+M83+(L83/12))/G83) -> 0 | Q83: =(I83*12+J83*12+K83*12+L83+M83*12+N83*12)*(1+$P$19)+Tabelle4[[#This Row],[ggf. Steuer und SV freie pflegtypische Zuschläge (variabel) monatlich (Basis inidv. Arbeitszeit MA) 6 ]]*12 -> 0 | R83: =IF(Tabelle4[[#This Row],[Jahresbruttoentgelt inkl. AG Anteil (ohne Personalnebenkosten wie BG / Fortbildung usw. ) ]]=0,0,Q83/F83*40) -> 0
G84: =F84*13/3 -> 0 | H84: =F84/40 -> 0 | O84: =IF(G84=0,0,(I84+J84+K84+M84+(L84/12))/G84) -> 0 | Q84: =(I84*12+J84*12+K84*12+L84+M84*12+N84*12)*(1+$P$19)+Tabelle4[[#This Row],[ggf. Steuer und SV freie pflegtypische Zuschläge (variabel) monatlich (Basis inidv. Arbeitszeit MA) 6 ]]*12 -> 0 | R84: =IF(Tabelle4[[#This Row],[Jahresbruttoentgelt inkl. AG Anteil (ohne Personalnebenkosten wie BG / Fortbildung usw. ) ]]=0,0,Q84/F84*40) -> 0
G85: =F85*13/3 -> 0 | H85: =F85/40 -> 0 | O85: =IF(G85=0,0,(I85+J85+K85+M85+(L85/12))/G85) -> 0 | Q85: =(I85*12+J85*12+K85*12+L85+M85*12+N85*12)*(1+$P$19)+Tabelle4[[#This Row],[ggf. Steuer und SV freie pflegtypische Zuschläge (variabel) monatlich (Basis inidv. Arbeitszeit MA) 6 ]]*12 -> 0 | R85: =IF(Tabelle4[[#This Row],[Jahresbruttoentgelt inkl. AG Anteil (ohne Personalnebenkosten wie BG / Fortbildung usw. ) ]]=0,0,Q85/F85*40) -> 0
G86: =F86*13/3 -> 0 | H86: =F86/40 -> 0 | O86: =IF(G86=0,0,(I86+J86+K86+M86+(L86/12))/G86) -> 0 | Q86: =(I86*12+J86*12+K86*12+L86+M86*12+N86*12)*(1+$P$19)+Tabelle4[[#This Row],[ggf. Steuer und SV freie pflegtypische Zuschläge (variabel) monatlich (Basis inidv. Arbeitszeit MA) 6 ]]*12 -> 0 | R86: =IF(Tabelle4[[#This Row],[Jahresbruttoentgelt inkl. AG Anteil (ohne Personalnebenkosten wie BG / Fortbildung usw. ) ]]=0,0,Q86/F86*40) -> 0
G87: =F87*13/3 -> 0 | H87: =F87/40 -> 0 | O87: =IF(G87=0,0,(I87+J87+K87+M87+(L87/12))/G87) -> 0 | Q87: =(I87*12+J87*12+K87*12+L87+M87*12+N87*12)*(1+$P$19)+Tabelle4[[#This Row],[ggf. Steuer und SV freie pflegtypische Zuschläge (variabel) monatlich (Basis inidv. Arbeitszeit MA) 6 ]]*12 -> 0 | R87: =IF(Tabelle4[[#This Row],[Jahresbruttoentgelt inkl. AG Anteil (ohne Personalnebenkosten wie BG / Fortbildung usw. ) ]]=0,0,Q87/F87*40) -> 0
G88: =F88*13/3 -> 0 | H88: =F88/40 -> 0 | O88: =IF(G88=0,0,(I88+J88+K88+M88+(L88/12))/G88) -> 0 | Q88: =(I88*12+J88*12+K88*12+L88+M88*12+N88*12)*(1+$P$19)+Tabelle4[[#This Row],[ggf. Steuer und SV freie pflegtypische Zuschläge (variabel) monatlich (Basis inidv. Arbeitszeit MA) 6 ]]*12 -> 0 | R88: =IF(Tabelle4[[#This Row],[Jahresbruttoentgelt inkl. AG Anteil (ohne Personalnebenkosten wie BG / Fortbildung usw. ) ]]=0,0,Q88/F88*40) -> 0
G89: =F89*13/3 -> 0 | H89: =F89/40 -> 0 | O89: =IF(G89=0,0,(I89+J89+K89+M89+(L89/12))/G89) -> 0 | Q89: =(I89*12+J89*12+K89*12+L89+M89*12+N89*12)*(1+$P$19)+Tabelle4[[#This Row],[ggf. Steuer und SV freie pflegtypische Zuschläge (variabel) monatlich (Basis inidv. Arbeitszeit MA) 6 ]]*12 -> 0 | R89: =IF(Tabelle4[[#This Row],[Jahresbruttoentgelt inkl. AG Anteil (ohne Personalnebenkosten wie BG / Fortbildung usw. ) ]]=0,0,Q89/F89*40) -> 0
G90: =F90*13/3 -> 0 | H90: =F90/40 -> 0 | O90: =IF(G90=0,0,(I90+J90+K90+M90+(L90/12))/G90) -> 0 | Q90: =(I90*12+J90*12+K90*12+L90+M90*12+N90*12)*(1+$P$19)+Tabelle4[[#This Row],[ggf. Steuer und SV freie pflegtypische Zuschläge (variabel) monatlich (Basis inidv. Arbeitszeit MA) 6 ]]*12 -> 0 | R90: =IF(Tabelle4[[#This Row],[Jahresbruttoentgelt inkl. AG Anteil (ohne Personalnebenkosten wie BG / Fortbildung usw. ) ]]=0,0,Q90/F90*40) -> 0
G91: =F91*13/3 -> 0 | H91: =F91/40 -> 0 | O91: =IF(G91=0,0,(I91+J91+K91+M91+(L91/12))/G91) -> 0 | Q91: =(I91*12+J91*12+K91*12+L91+M91*12+N91*12)*(1+$P$19)+Tabelle4[[#This Row],[ggf. Steuer und SV freie pflegtypische Zuschläge (variabel) monatlich (Basis inidv. Arbeitszeit MA) 6 ]]*12 -> 0 | R91: =IF(Tabelle4[[#This Row],[Jahresbruttoentgelt inkl. AG Anteil (ohne Personalnebenkosten wie BG / Fortbildung usw. ) ]]=0,0,Q91/F91*40) -> 0
... G93: =F93*13/3 -> 0 | H93: =F93/40 -> 0 | O93: =IF(G93=0,0,(I93+J93+K93+M93+(L93/12))/G93) -> 0 | Q93: =(I93*12+J93*12+K93*12+L93+M93*12+N93*12)*(1+$P$19)+Tabelle4[[#This Row],[ggf. Steuer und SV freie pflegtypische Zuschläge (variabel) monatlich (Basis inidv. Arbeitszeit MA) 6 ]]*12 -> 0 | R93: =IF(Tabelle4[[#This Row],[Jahresbruttoentgelt inkl. AG Anteil (ohne Personalnebenkosten wie BG / Fortbildung usw. ) ]]=0,0,Q93/F93*40) -> 0
B94: Ergebnis | F94: =SUBTOTAL(109,Tabelle4[wöchentl Arbeits zeit / Std ]) -> 0 | H94: =SUBTOTAL(109,Tabelle4[Stellen Anteil VZÄ (Basis 40 Std) ]) -> 0 | O94: =SUMPRODUCT(Tabelle4[Stellen Anteil VZÄ (Basis 40 Std) ],Tabelle4[Stundenlohn AN Brutto Arbeitszeit normiert (ohne variable Zuschläge) nachrichtlich ])/SUM(Tabelle4[Stellen Anteil VZÄ (Basis 40 Std) ]) -> #DIV/0! | Q94: =SUBTOTAL(109,Tabelle4[Jahresbruttoentgelt inkl. AG Anteil (ohne Personalnebenkosten wie BG / Fortbildung usw. ) ]) -> 0 | R94: =Tabelle4[[#Totals],[Jahresbruttoentgelt inkl. AG Anteil (ohne Personalnebenkosten wie BG / Fortbildung usw. ) ]]/Tabelle4[[#Totals],[Stellen Anteil VZÄ (Basis 40 Std) ]] -> #DIV/0!
B96: Ergebnis | H96: =Tabelle4[[#Totals],[Stellen Anteil VZÄ (Basis 40 Std) ]] -> 0 | I96: gew. Entgeltniveau der Beschäftigtengruppe / AN-Brutto Std. /nachrichtl. | O96: =((Tabelle4[[#Totals],[Stellen Anteil VZÄ (Basis 40 Std) ]]*Tabelle4[[#Totals],[Stundenlohn AN Brutto Arbeitszeit normiert (ohne variable Zuschläge) nachrichtlich ]]))/H96 -> #DIV/0!
C98: Pflege-und Betreuungshilfskräfte gesamt
F99: wöchentl Arbeits zeit / Std | H99: Stellen Anteil VZÄ (Basis 40 Std) | Q99: Jahresbruttoentgelt inkl. AG Anteil (ohne Personalnebenkosten wie BG / Fortbildung usw. ) | R99: Jahresbrutto-entgelt inkl. AG Anteil je VZÄ
C100: Pflege- und Betreuungshilfskräfte | F100: =Tabelle3[[#Totals],[wöchentl Arbeits zeit / Std ]]+Tabelle4[[#Totals],[wöchentl Arbeits zeit / Std ]] -> 0 | H100: =Tabelle3[[#Totals],[Stellen Anteil VZÄ (Basis 40 Std) ]]+Tabelle4[[#Totals],[Stellen Anteil VZÄ (Basis 40 Std) ]] -> 0 | Q100: =Tabelle3[[#Totals],[Jahresbruttoentgelt inkl. AG Anteil (ohne Personalnebenkosten wie BG / Fortbildung usw. ) ]]+Tabelle4[[#Totals],[Jahresbruttoentgelt inkl. AG Anteil (ohne Personalnebenkosten wie BG / Fortbildung usw. ) ]] -> 0 | R100: =IF(Q100=0,0,Q100/H100) -> 0
B102: Leitung und Verwaltung
B103: Lfd. NR | C103: Einstellungs- Datum | D103: Engelt Gruppe / Stufe (nach Tarif) | E103: Qualifikation / Funktion | F103: wöchentl Arbeits zeit / Std | G103: Arbeits stunden / Monat | H103: Stellen Anteil VZÄ (Basis 40 Std) | I103: Grundlohn / Gehalt monatlich (Basis indiv. Arbeitszeit MA) 1 | J103: Pflegetypische Zulagen monatlich (Basis indiv. Arbeitszeit MA) 2 | K103: ggf. VWL AG-Anteil monatlich (Basis indiv. Arbeitszeit MA) 3 | L103: ggf. Jahres sonder- zahlungen jährlich (Basis indiv. Arbeitszeit MA) 4 | M103: ggf. Bereit schaftsdienst oder Ruf bereitschaft monatlich (Basis indiv. Arbeitszeit MA) 5 | N103: ggf. pflege typische Zuschläge (variabel) monatlich (Basis indiv. Arbeitszeit MA) 6 | O103: Stundenlohn AN Brutto Arbeitszeit normiert (ohne variable Zuschläge) nachrichtlich | P103: ggf. Steuer und SV freie pflegtypische Zuschläge (variabel) monatlich (Basis inidv. Arbeitszeit MA) 6 | Q103: Jahresbruttoentgelt inkl. AG Anteil (ohne Personalnebenkosten wie BG / Fortbildung usw. ) | R103: Jahresbruttoentgelt inkl. AG Anteil je VZÄ
E104: Leitung | G104: =F104*13/3 -> 0 | H104: =F104/40 -> 0 | O104: =IF(G104=0,0,(I104+J104+K104+M104+(L104/12))/G104) -> 0 | Q104: =(I104*12+J104*12+K104*12+L104+M104*12+N104*12)*(1+$P$19)+Tabelle58[[#This Row],[ggf. Steuer und SV freie pflegtypische Zuschläge (variabel) monatlich (Basis inidv. Arbeitszeit MA) 6 ]]*12 -> 0 | R104: =IF(Tabelle58[[#This Row],[Jahresbruttoentgelt inkl. AG Anteil (ohne Personalnebenkosten wie BG / Fortbildung usw. ) ]]=0,0,Q104/F104*40) -> 0
E105: PDL | G105: =F105*13/3 -> 0 | H105: =F105/40 -> 0 | O105: =IF(G105=0,0,(I105+J105+K105+M105+(L105/12))/G105) -> 0 | Q105: =(I105*12+J105*12+K105*12+L105+M105*12+N105*12)*(1+$P$19)+Tabelle58[[#This Row],[ggf. Steuer und SV freie pflegtypische Zuschläge (variabel) monatlich (Basis inidv. Arbeitszeit MA) 6 ]]*12 -> 0 | R105: =IF(Tabelle58[[#This Row],[Jahresbruttoentgelt inkl. AG Anteil (ohne Personalnebenkosten wie BG / Fortbildung usw. ) ]]=0,0,Q105/F105*40) -> 0
E106: Verwaltung | G106: =F106*13/3 -> 0 | H106: =F106/40 -> 0 | O106: =IF(G106=0,0,(I106+J106+K106+M106+(L106/12))/G106) -> 0 | Q106: =(I106*12+J106*12+K106*12+L106+M106*12+N106*12)*(1+$P$19)+Tabelle58[[#This Row],[ggf. Steuer und SV freie pflegtypische Zuschläge (variabel) monatlich (Basis inidv. Arbeitszeit MA) 6 ]]*12 -> 0 | R106: =IF(Tabelle58[[#This Row],[Jahresbruttoentgelt inkl. AG Anteil (ohne Personalnebenkosten wie BG / Fortbildung usw. ) ]]=0,0,Q106/F106*40) -> 0
G107: =F107*13/3 -> 0 | H107: =F107/40 -> 0 | O107: =IF(G107=0,0,(I107+J107+K107+M107+(L107/12))/G107) -> 0 | Q107: =(I107*12+J107*12+K107*12+L107+M107*12+N107*12)*(1+$P$19)+Tabelle58[[#This Row],[ggf. Steuer und SV freie pflegtypische Zuschläge (variabel) monatlich (Basis inidv. Arbeitszeit MA) 6 ]]*12 -> 0 | R107: =IF(Tabelle58[[#This Row],[Jahresbruttoentgelt inkl. AG Anteil (ohne Personalnebenkosten wie BG / Fortbildung usw. ) ]]=0,0,Q107/F107*40) -> 0
G108: =F108*13/3 -> 0 | H108: =F108/40 -> 0 | O108: =IF(G108=0,0,(I108+J108+K108+M108+(L108/12))/G108) -> 0 | Q108: =(I108*12+J108*12+K108*12+L108+M108*12+N108*12)*(1+$P$19)+Tabelle58[[#This Row],[ggf. Steuer und SV freie pflegtypische Zuschläge (variabel) monatlich (Basis inidv. Arbeitszeit MA) 6 ]]*12 -> 0 | R108: =IF(Tabelle58[[#This Row],[Jahresbruttoentgelt inkl. AG Anteil (ohne Personalnebenkosten wie BG / Fortbildung usw. ) ]]=0,0,Q108/F108*40) -> 0
G109: =F109*13/3 -> 0 | H109: =F109/40 -> 0 | O109: =IF(G109=0,0,(I109+J109+K109+M109+(L109/12))/G109) -> 0 | Q109: =(I109*12+J109*12+K109*12+L109+M109*12+N109*12)*(1+$P$19)+Tabelle58[[#This Row],[ggf. Steuer und SV freie pflegtypische Zuschläge (variabel) monatlich (Basis inidv. Arbeitszeit MA) 6 ]]*12 -> 0 | R109: =IF(Tabelle58[[#This Row],[Jahresbruttoentgelt inkl. AG Anteil (ohne Personalnebenkosten wie BG / Fortbildung usw. ) ]]=0,0,Q109/F109*40) -> 0
B110: Ergebnis | H110: =SUBTOTAL(109,Tabelle58[Stellen Anteil VZÄ (Basis 40 Std) ]) -> 0 | Q110: =SUBTOTAL(109,Tabelle58[Jahresbruttoentgelt inkl. AG Anteil (ohne Personalnebenkosten wie BG / Fortbildung usw. ) ]) -> 0
B112: Hauswirtschaftskräfte
B113: Lfd. NR | C113: Einstellungs- Datum | D113: Engelt Gruppe / Stufe (nach Tarif) | E113: Qualifikation / Funktion (hier Einsatzgebiet der Hauswirtschaftskräfte, Hausmeister kennzeichnen) | F113: wöchentl Arbeits zeit / Std | G113: Arbeits stunden / Monat | H113: Stellen Anteil VZÄ (Basis 40 Std) | I113: Grundlohn / Gehalt monatlich (Basis indiv. Arbeitszeit MA) 1 | J113: Pflegetypische Zulagen monatlich (Basis indiv. Arbeitszeit MA) 2 | K113: ggf. VWL AG-Anteil monatlich (Basis indiv. Arbeitszeit MA) 3 | L113: ggf. Jahres sonder- zahlungen jährlich (Basis indiv. Arbeitszeit MA) 4 | M113: ggf. Bereit schaftsdienst oder Ruf bereitschaft monatlich (Basis indiv. Arbeitszeit MA) 5 | N113: ggf. pflege typische Zuschläge (variabel) monatlich (Basis indiv. Arbeitszeit MA) 6 | O113: Stundenlohn AN Brutto Arbeitszeit normiert (nur Grundgehalt) nachrichtlich | P113: ggf. Steuer und SV freie pflegtypische Zuschläge (variabel) monatlich (Basis inidv. Arbeitszeit MA) 6 | Q113: Jahresbruttoentgelt inkl. AG Anteil (ohne Personalnebenkosten wie BG / Fortbildung usw. ) | R113: Jahresbruttoentgelt inkl. AG Anteil je VZÄ
G114: =F114*13/3 -> 0 | H114: =F114/40 -> 0 | O114: =IF(G114=0,0,(I114/G114)) -> 0 | Q114: =(I114*12+J114*12+K114*12+L114+M114*12+N114*12)*(1+$P$19)+Tabelle52[[#This Row],[ggf. Steuer und SV freie pflegtypische Zuschläge (variabel) monatlich (Basis inidv. Arbeitszeit MA) 6 ]]*12 -> 0 | R114: =IF(Tabelle52[[#This Row],[Jahresbruttoentgelt inkl. AG Anteil (ohne Personalnebenkosten wie BG / Fortbildung usw. ) ]]=0,0,Q114/F114*40) -> 0
G115: =F115*13/3 -> 0 | H115: =F115/40 -> 0 | O115: =IF(G115=0,0,(I115/G115)) -> 0 | Q115: =(I115*12+J115*12+K115*12+L115+M115*12+N115*12)*(1+$P$19)+Tabelle52[[#This Row],[ggf. Steuer und SV freie pflegtypische Zuschläge (variabel) monatlich (Basis inidv. Arbeitszeit MA) 6 ]]*12 -> 0 | R115: =IF(Tabelle52[[#This Row],[Jahresbruttoentgelt inkl. AG Anteil (ohne Personalnebenkosten wie BG / Fortbildung usw. ) ]]=0,0,Q115/F115*40) -> 0
G116: =F116*13/3 -> 0 | H116: =F116/40 -> 0 | O116: =IF(G116=0,0,(I116/G116)) -> 0 | Q116: =(I116*12+J116*12+K116*12+L116+M116*12+N116*12)*(1+$P$19)+Tabelle52[[#This Row],[ggf. Steuer und SV freie pflegtypische Zuschläge (variabel) monatlich (Basis inidv. Arbeitszeit MA) 6 ]]*12 -> 0 | R116: =IF(Tabelle52[[#This Row],[Jahresbruttoentgelt inkl. AG Anteil (ohne Personalnebenkosten wie BG / Fortbildung usw. ) ]]=0,0,Q116/F116*40) -> 0
G117: =F117*13/3 -> 0 | H117: =F117/40 -> 0 | O117: =IF(G117=0,0,(I117/G117)) -> 0 | Q117: =(I117*12+J117*12+K117*12+L117+M117*12+N117*12)*(1+$P$19)+Tabelle52[[#This Row],[ggf. Steuer und SV freie pflegtypische Zuschläge (variabel) monatlich (Basis inidv. Arbeitszeit MA) 6 ]]*12 -> 0 | R117: =IF(Tabelle52[[#This Row],[Jahresbruttoentgelt inkl. AG Anteil (ohne Personalnebenkosten wie BG / Fortbildung usw. ) ]]=0,0,Q117/F117*40) -> 0
G118: =F118*13/3 -> 0 | H118: =F118/40 -> 0 | O118: =IF(G118=0,0,(I118/G118)) -> 0 | Q118: =(I118*12+J118*12+K118*12+L118+M118*12+N118*12)*(1+$P$19)+Tabelle52[[#This Row],[ggf. Steuer und SV freie pflegtypische Zuschläge (variabel) monatlich (Basis inidv. Arbeitszeit MA) 6 ]]*12 -> 0 | R118: =IF(Tabelle52[[#This Row],[Jahresbruttoentgelt inkl. AG Anteil (ohne Personalnebenkosten wie BG / Fortbildung usw. ) ]]=0,0,Q118/F118*40) -> 0
G119: =F119*13/3 -> 0 | H119: =F119/40 -> 0 | O119: =IF(G119=0,0,(I119/G119)) -> 0 | Q119: =(I119*12+J119*12+K119*12+L119+M119*12+N119*12)*(1+$P$19)+Tabelle52[[#This Row],[ggf. Steuer und SV freie pflegtypische Zuschläge (variabel) monatlich (Basis inidv. Arbeitszeit MA) 6 ]]*12 -> 0 | R119: =IF(Tabelle52[[#This Row],[Jahresbruttoentgelt inkl. AG Anteil (ohne Personalnebenkosten wie BG / Fortbildung usw. ) ]]=0,0,Q119/F119*40) -> 0
G120: =F120*13/3 -> 0 | H120: =F120/40 -> 0 | O120: =IF(G120=0,0,(I120/G120)) -> 0 | Q120: =(I120*12+J120*12+K120*12+L120+M120*12+N120*12)*(1+$P$19)+Tabelle52[[#This Row],[ggf. Steuer und SV freie pflegtypische Zuschläge (variabel) monatlich (Basis inidv. Arbeitszeit MA) 6 ]]*12 -> 0 | R120: =IF(Tabelle52[[#This Row],[Jahresbruttoentgelt inkl. AG Anteil (ohne Personalnebenkosten wie BG / Fortbildung usw. ) ]]=0,0,Q120/F120*40) -> 0
G121: =F121*13/3 -> 0 | H121: =F121/40 -> 0 | O121: =IF(G121=0,0,(I121/G121)) -> 0 | Q121: =(I121*12+J121*12+K121*12+L121+M121*12+N121*12)*(1+$P$19)+Tabelle52[[#This Row],[ggf. Steuer und SV freie pflegtypische Zuschläge (variabel) monatlich (Basis inidv. Arbeitszeit MA) 6 ]]*12 -> 0 | R121: =IF(Tabelle52[[#This Row],[Jahresbruttoentgelt inkl. AG Anteil (ohne Personalnebenkosten wie BG / Fortbildung usw. ) ]]=0,0,Q121/F121*40) -> 0
G122: =F122*13/3 -> 0 | H122: =F122/40 -> 0 | O122: =IF(G122=0,0,(I122/G122)) -> 0 | Q122: =(I122*12+J122*12+K122*12+L122+M122*12+N122*12)*(1+$P$19)+Tabelle52[[#This Row],[ggf. Steuer und SV freie pflegtypische Zuschläge (variabel) monatlich (Basis inidv. Arbeitszeit MA) 6 ]]*12 -> 0 | R122: =IF(Tabelle52[[#This Row],[Jahresbruttoentgelt inkl. AG Anteil (ohne Personalnebenkosten wie BG / Fortbildung usw. ) ]]=0,0,Q122/F122*40) -> 0
G123: =F123*13/3 -> 0 | H123: =F123/40 -> 0 | O123: =IF(G123=0,0,(I123/G123)) -> 0 | Q123: =(I123*12+J123*12+K123*12+L123+M123*12+N123*12)*(1+$P$19)+Tabelle52[[#This Row],[ggf. Steuer und SV freie pflegtypische Zuschläge (variabel) monatlich (Basis inidv. Arbeitszeit MA) 6 ]]*12 -> 0 | R123: =IF(Tabelle52[[#This Row],[Jahresbruttoentgelt inkl. AG Anteil (ohne Personalnebenkosten wie BG / Fortbildung usw. ) ]]=0,0,Q123/F123*40) -> 0
G124: =F124*13/3 -> 0 | H124: =F124/40 -> 0 | O124: =IF(G124=0,0,(I124/G124)) -> 0 | Q124: =(I124*12+J124*12+K124*12+L124+M124*12+N124*12)*(1+$P$19)+Tabelle52[[#This Row],[ggf. Steuer und SV freie pflegtypische Zuschläge (variabel) monatlich (Basis inidv. Arbeitszeit MA) 6 ]]*12 -> 0 | R124: =IF(Tabelle52[[#This Row],[Jahresbruttoentgelt inkl. AG Anteil (ohne Personalnebenkosten wie BG / Fortbildung usw. ) ]]=0,0,Q124/F124*40) -> 0
G125: =F125*13/3 -> 0 | H125: =F125/40 -> 0 | O125: =IF(G125=0,0,(I125/G125)) -> 0 | Q125: =(I125*12+J125*12+K125*12+L125+M125*12+N125*12)*(1+$P$19)+Tabelle52[[#This Row],[ggf. Steuer und SV freie pflegtypische Zuschläge (variabel) monatlich (Basis inidv. Arbeitszeit MA) 6 ]]*12 -> 0 | R125: =IF(Tabelle52[[#This Row],[Jahresbruttoentgelt inkl. AG Anteil (ohne Personalnebenkosten wie BG / Fortbildung usw. ) ]]=0,0,Q125/F125*40) -> 0
...

Sheet Referenzwerte
B4: Referenztabelle
B6: Referenz nummer | C6: Durschn. AG-Brutto Personalkosten aller Pflege- u. Betreuungskräfte für den Einsatz im SGB XI | F6: Punktwert
H7: Justierung PW
H8: 0.0656
C9: von | D9: bis | E9: Durchschnitt | H9: 52770.51
A10: =IF(AND('Anlage Personalaufstellung '!$I$166>=Referenzwerte!C10,'Anlage Personalaufstellung '!$I$166<=Referenzwerte!D10),1,0) -> #DIV/0! | B10: 0 | C10: 0 | D10: 0 | E10: 0 | F10: 0
A11: =IF(AND('Anlage Personalaufstellung '!$I$166>=Referenzwerte!C11,'Anlage Personalaufstellung '!$I$166<=Referenzwerte!D11),1,0) -> #DIV/0! | B11: 1 | C11: 0 | D11: 34999 | E11: 34999 | F11: 0.043507906 | H11: =H8/H9*E11 -> 0.043507906
A12: =IF(AND('Anlage Personalaufstellung '!$I$166>=Referenzwerte!C12,'Anlage Personalaufstellung '!$I$166<=Referenzwerte!D12),1,0) -> #DIV/0! | B12: 2 | C12: 35000 | D12: 35099 | E12: =(C12+D12)/2 -> 35049.5 | F12: 0.043570684 | H12: =H11/E11*E12 -> 0.043570684
A13: =IF(AND('Anlage Personalaufstellung '!$I$166>=Referenzwerte!C13,'Anlage Personalaufstellung '!$I$166<=Referenzwerte!D13),1,0) -> #DIV/0! | B13: 3 | C13: 35100 | D13: 35199 | E13: =(C13+D13)/2 -> 35149.5 | F13: 0.043694996 | H13: =H12/E12*E13 -> 0.043694996
A14: =IF(AND('Anlage Personalaufstellung '!$I$166>=Referenzwerte!C14,'Anlage Personalaufstellung '!$I$166<=Referenzwerte!D14),1,0) -> #DIV/0! | B14: 4 | C14: 35200 | D14: 35299 | E14: =(C14+D14)/2 -> 35249.5 | F14: 0.043819307 | H14: =H13/E13*E14 -> 0.043819307
A15: =IF(AND('Anlage Personalaufstellung '!$I$166>=Referenzwerte!C15,'Anlage Personalaufstellung '!$I$166<=Referenzwerte!D15),1,0) -> #DIV/0! | B15: 5 | C15: 35300 | D15: 35399 | E15: =(C15+D15)/2 -> 35349.5 | F15: 0.043943619 | H15: =H14/E14*E15 -> 0.043943619
A16: =IF(AND('Anlage Personalaufstellung '!$I$166>=Referenzwerte!C16,'Anlage Personalaufstellung '!$I$166<=Referenzwerte!D16),1,0) -> #DIV/0! | B16: 6 | C16: 35400 | D16: 35499 | E16: =(C16+D16)/2 -> 35449.5 | F16: 0.044067931 | H16: =H15/E15*E16 -> 0.044067931
A17: =IF(AND('Anlage Personalaufstellung '!$I$166>=Referenzwerte!C17,'Anlage Personalaufstellung '!$I$166<=Referenzwerte!D17),1,0) -> #DIV/0! | B17: 7 | C17: 35500 | D17: 35599 | E17: =(C17+D17)/2 -> 35549.5 | F17: 0.044192243 | H17: =H16/E16*E17 -> 0.044192243
A18: =IF(AND('Anlage Personalaufstellung '!$I$166>=Referenzwerte!C18,'Anlage Personalaufstellung '!$I$166<=Referenzwerte!D18),1,0) -> #DIV/0! | B18: 8 | C18: 35600 | D18: 35699 | E18: =(C18+D18)/2 -> 35649.5 | F18: 0.044316555 | H18: =H17/E17*E18 -> 0.044316555
A19: =IF(AND('Anlage Personalaufstellung '!$I$166>=Referenzwerte!C19,'Anlage Personalaufstellung '!$I$166<=Referenzwerte!D19),1,0) -> #DIV/0! | B19: 9 | C19: 35700 | D19: 35799 | E19: =(C19+D19)/2 -> 35749.5 | F19: 0.044440867 | H19: =H18/E18*E19 -> 0.044440867
A20: =IF(AND('Anlage Personalaufstellung '!$I$166>=Referenzwerte!C20,'Anlage Personalaufstellung '!$I$166<=Referenzwerte!D20),1,0) -> #DIV/0! | B20: 10 | C20: 35800 | D20: 35899 | E20: =(C20+D20)/2 -> 35849.5 | F20: 0.044565179 | H20: =H19/E19*E20 -> 0.044565179
A21: =IF(AND('Anlage Personalaufstellung '!$I$166>=Referenzwerte!C21,'Anlage Personalaufstellung '!$I$166<=Referenzwerte!D21),1,0) -> #DIV/0! | B21: 11 | C21: 35900 | D21: 35999 | E21: =(C21+D21)/2 -> 35949.5 | F21: 0.04468949 | H21: =H20/E20*E21 -> 0.04468949
A22: =IF(AND('Anlage Personalaufstellung '!$I$166>=Referenzwerte!C22,'Anlage Personalaufstellung '!$I$166<=Referenzwerte!D22),1,0) -> #DIV/0! | B22: 12 | C22: 36000 | D22: 36099 | E22: =(C22+D22)/2 -> 36049.5 | F22: 0.044813802 | H22: =H21/E21*E22 -> 0.044813802
A23: =IF(AND('Anlage Personalaufstellung '!$I$166>=Referenzwerte!C23,'Anlage Personalaufstellung '!$I$166<=Referenzwerte!D23),1,0) -> #DIV/0! | B23: 13 | C23: 36100 | D23: 36199 | E23: =(C23+D23)/2 -> 36149.5 | F23: 0.044938114 | H23: =H22/E22*E23 -> 0.044938114
... A460: =IF(AND('Anlage Personalaufstellung '!$I$166>=Referenzwerte!C460,'Anlage Personalaufstellung '!$I$166<=Referenzwerte!D460),1,0) -> #DIV/0! | B460: 450 | C460: 79800 | D460: 79899 | E460: =(C460+D460)/2 -> 79849.5 | F460: 0.099262395 | H460: =H459/E459*E460 -> 0.099262395
A461: =IF('Anlage Personalaufstellung '!$I$166>=Referenzwerte!C461,1,0) -> #DIV/0! | B461: 451 | C461: 79900 | D461: 79999 | E461: =(C461+D461)/2 -> 79949.5 | F461: 0.099386707 | H461: =H460/E460*E461 -> 0.099386707
